 Dungeon Crawl Stone Soup version 0.29-a0-275-g389c0b56f3 (webtiles) character file.

Game seed: 411193629575977313

4 Anunax the Scratcher (level 1, -1/9 HPs)
             Began as a Felid Transmuter on Mar 10, 2022.
             Slain by an endoplasm (2 damage)
             ... on level 1 of the Dungeon.
             The game lasted 00:01:04 (102 turns).

Anunax the Scratcher (Felid Transmuter)              Turns: 102, Time: 00:01:05

Health: -1/9       AC:  1    Str:  6    XL:     1   Next: 50%
Magic:  4/4        EV: 17    Int: 14    God:
Gold:   12         SH:  0    Dex: 16    Spells: 3/4 levels left
                                        Lives:  0   Deaths: 0

rFire   . . .      SeeInvis +     - Unarmed
rCold   . . .      Faith    .   (shield unavailable)
rNeg    . . .      Spirit   .   (body armour unavailable)
rPois   .          Reflect  .   (helmet unavailable)
rElec   .          Harm     .   (cloak unavailable)
rCorr   .          Rampage  .   (gloves unavailable)
Will    .....                   (boots unavailable)
Stlth   +.........              (no amulet)
HPRegen 0.03/turn               b - ring of wizardry
MPRegen 0.09/turn               (no ring)

@: quick
A: very small, claws 1, fangs 3, see invisible, speed 1, shaggy fur 1, stealthy
paws, no weapons or thrown items, no armour, multi-lived
a: no special abilities


You were on level 1 of the Dungeon.
You visited 1 branch of the dungeon, and saw 1 of its levels.

You collected 12 gold pieces.

Inventory:

Jewellery
 b - a ring of wizardry (left paw)
Potions
 a - a potion of lignification


   Skills:
 + Level 1.0 Fighting
 + Level 2.9 Dodging
 + Level 3.1 Unarmed Combat
 + Level 2.0 Spellcasting
 + Level 2.2 Transmutations


You had 3 spell levels left.
You knew the following spells:

 Your Spells              Type           Power      Damage    Failure   Level
a - Beastly Appendage     Tmut           14%        N/A       4%          1

Your spell library contained the following spells:

 Spells                   Type           Power      Damage    Failure   Level
 Wereblood                Tmut           7%         N/A       6%          2
 Spider Form              Tmut/Pois      4%         N/A       17%         3
 Ice Form                 Ice/Tmut       4%         N/A       50%         4


Dungeon Overview and Level Annotations

Branches:
Dungeon (1/15)

Altars:


Innate Abilities, Weirdness & Mutations

You have sharp claws.
You have razor-sharp teeth.
You have supernaturally acute eyesight. (SInv)
You cover ground quickly. (Speed+)
You are covered in fur. (AC +1)
Your paws help you pounce on unaware monsters.
You are incapable of wielding weapons or throwing items.
You cannot wear armour.
You gain extra lives every three experience levels.


Message History

The bat closely misses you. The kobold misses you.
You scratch the kobold.
You kill the kobold!
The bat hits you but does no damage.
A dart slug comes into view.
You scratch the bat. Your headbutt misses the bat.
The bat is severely wounded.
The bat hits you but does no damage.
An endoplasm comes into view.
Your magical contamination has completely faded away.
The bat misses you. The bat attacks as you move away! The bat hits you.
The bat closely misses you. The dart slug launches a dart at you.
The slug dart hits you. The bat closely misses you.
You scratch the bat.
You kill the bat!
Your transformation is almost over.
You barely miss the frilled lizard.
The frilled lizard completely misses you.
You barely miss the frilled lizard.
The endoplasm jiggles.
The frilled lizard barely misses you.
You completely miss the frilled lizard.
Your headbutt misses the frilled lizard.
The frilled lizard closely misses you.
You closely miss the frilled lizard.
Your headbutt misses the frilled lizard.
The frilled lizard misses you.
You scratch the frilled lizard.
You kill the frilled lizard!
You scratch the endoplasm but do no damage.
You headbutt the endoplasm, but do no damage.
The endoplasm freezes you.
You are frozen.
* * * LOW HITPOINT WARNING * * *
You scratch the endoplasm but do no damage.
Your horns disappear.
The endoplasm hits you.
You die...

#.#......>... .##.#..........
........w..... #.#J.........
#####..[........#
.....[..........
##########.#...........#
.......@Jw†......)...?.#
##########.##......?...#
######### #.##..........#
########.......# #.##..........#
≈≈≈≈≈≈≈#.......# #.##..........#
≈≈≈.≈≈≈#...†...# #.##...........
.≈...≈≈≈.......# #.##...........
.....≈≈≈.......####.##...........
.....≈≈≈............#


You could see a dart slug and an endoplasm.

Vanquished Creatures
  A bat (D:1)
  A kobold (D:1)
  A frilled lizard (D:1)
  A rat (D:1)
4 creatures vanquished.

Notes
Turn   | Place    | Note
-------+----------+-------------------------------------------
     0 | D:1      | Anunax the Felid Transmuter began the quest for the Orb.
     0 | D:1      | Reached XP level 1. HP: 9/9 MP: 4/4
   102 | D:1      | Slain by an endoplasm

Illustrated notes

Levels and vault maps discovered:
D:1:      dpeg_arrival_pond, layout_basic,
          chequers_ecumenical_altar_simple_redux, chequers_serial_rivers_room_b

Action                   || total
-------------------------++-------
Melee: Unarmed           ||    13
       Headbutt          ||     1
 Cast: Beastly Appendage ||     1
Armor: Skin              ||     3
Dodge: Dodged            ||    13

Table legend: (Time is in decaauts)
 A = Elapsed time spent in this place.
 B = Non-inter-level travel time spent in this place.
 C = Inter-level travel time spent in this place.
 D = Time resting spent in this place.
 E = Time spent auto-exploring this place.
 F = Levels seen in this place.
 G = Mean time per level.
                   A        B        C        D        E       F      G
               +--------+--------+--------+--------+--------+-----+--------+
         Total |     84 |     84 |      0 |      0 |     46 |   1 |   84.0 |
       Dungeon |     84 |     84 |      0 |      0 |     46 |   1 |   84.0 |
               +--------+--------+--------+--------+--------+-----+--------+

Top non-repeatable levels by time:
     D:1: 84 daAuts
